 Dungeon Crawl Stone Soup version 0.26.0-41-g79a4fc7684 (webtiles) character file.

Game seed: 15184739021523986326

55 DasRunzen the Skirmisher (level 3, 0/43 HPs)
             Began as a Demonspawn Abyssal Knight on Jan 26, 2021.
             Was a Follower of Lugonu.
             Succumbed to an adder's poison
             ... on level 2 of the Dungeon.
             The game lasted 00:02:22 (1610 turns).

DasRunzen the Skirmisher (DsAK)                     Turns: 1610, Time: 00:02:23

Health: 0/43       AC: 21    Str: 13    XL:     3   Next: 67%
Magic:  4/5        EV:  2    Int: 15    God:    Lugonu [*.....]
Gold:   62         SH:  0    Dex: 12    Spells: 2/2 levels left

rFire    . . .     SeeInvis .   a - +1 spear
rCold    . . .     Faith    .   (no shield)
rNeg     + + +     Spirit   +   (armour currently unavailable)
rPois    +         Reflect  .   (helmet currently unavailable)
rElec    .         Harm     .   (cloak currently unavailable)
rCorr    .         Rampage  .   (gloves currently unavailable)
Will     .....     NoTele   +   (boots currently unavailable)
Stlth    +.........             (no amulet)
HPRegen  0.14/turn              (no ring)
MPRegen  0.09/turn              (no ring)

@: mighty, lethally poisoned (0 -> -12), tree-form
A: magic shield, big brain 1
a: Renounce Religion, Depart the Abyss


You were on level 2 of the Dungeon.
You worshipped Lugonu.
Lugonu was aware of your devotion.
You were a tree.
You visited 1 branch of the dungeon, and saw 2 of its levels.
You visited the Abyss 1 time.

You collected 62 gold pieces.

Inventory:

Hand Weapons
 a - a +1 spear (weapon)
Armour
 b - a +0 leather armour
 d - a cursed -1 chain mail (melded)
Scrolls
 c - a scroll of enchant weapon {unknown}
 e - a scroll of fear {unknown}
Potions
 f - 2 potions of might


   Skills:
 + Level 3.4 Fighting
 + Level 2.2 Polearms
 + Level 2.2 Armour
 + Level 1.5 Dodging
 + Level 3.2 Invocations


You had 2 spell levels left.
You didn't know any spells.
Your spell library was empty.

Dungeon Overview and Level Annotations

Branches:
Dungeon (2/15)

Altars:


Innate Abilities, Weirdness & Mutations

When hurt, damage is shared between your health and your magic reserves.
You have an unusually large brain. (Int +2)


Message History

You feel sick. The adder bites you but does no damage.
Unknown command.
You hit the adder.
You kill the adder!
Lugonu accepts your kill.
* * * LOW HITPOINT WARNING * * *
You feel sick.
It was a potion of might.
You feel very mighty all of a sudden.
* * * LOW HITPOINT WARNING * * *
You feel sick.
It was a potion of lignification.
You turn into a tree.
Your cursed -1 chain mail melds into your body.
Your roots penetrate the ground.
* * * LOW HITPOINT WARNING * * *
You feel sick.
You cannot move.
You cannot move.
There is a lethal amount of poison in your body!
You die...

## ######. .......##
........# #######
......#.####.....#
.................#
.......♣####.....#
......#.# #.....#
..... #.# ###.### ....
#..## #.# ..... ##..#
##.# .......
#..###..####
.........##..........#
=........##..........#
.........##..........#


There were no monsters in sight!

Vanquished Creatures
  2 adders (D:2)
  An ooze (D:1)
  2 dart slugs (D:1)
  4 leopard geckos
  A ball python (D:1)
  2 giant cockroaches (D:1)
  A goblin (D:1)
  2 hobgoblins (D:1)
  3 bats (D:2)
  3 frilled lizards
  5 kobolds (D:1)
26 creatures vanquished.

Notes
Turn   | Place    | Note
-------+----------+-------------------------------------------
     0 | Abyss:1  | DasRunzen the Demonspawn Abyssal Knight began the quest for
                  | the Orb.
     0 | Abyss:1  | Reached XP level 1. HP: 18/18 MP: 2/2
    43 | Abyss:1  | Noticed a thrashing horror
    58 | Abyss:2  | Found a corrupted altar of Lugonu.
    66 | Abyss:2  | Noticed a small abomination
    76 | Abyss:2  | Noticed a small abomination
    86 | D:1      | Escaped the Abyss
   285 | D:1      | Reached skill level 1 in Dodging
   375 | D:1      | Gained mutation: You have an unusually large brain. (Int
                  | +2) [demonic ancestry]
   375 | D:1      | Reached XP level 2. HP: 17/24 MP: 4/4
   577 | D:1      | Reached * piety under Lugonu
  1182 | D:1      | Gained mutation: When hurt, damage is shared between your
                  | health and your magic reserves. [demonic ancestry]
  1182 | D:1      | Reached XP level 3. HP: 26/29 MP: 5/5
  1608 | D:2      | HP: 1/29 [poisoned by an adder]
  1610 | D:2      | Succumbed to an adder's poison

Illustrated notes

Levels and vault maps discovered:
D:1:      minmay_arrival_stair_chambers, layout_basic, minmay_misc_feat_alley
D:2:      layout_rooms, uniq_crazy_yiuf_cottage

Skill      XL: |  1  2 |
---------------+-------+-----
Dodging        | 1 |  1.5
Polearms       | 2 |  2.2
Armour         | 2 |  2.2
Invocations    | 3 |  3.2
Fighting       | |  3.4

Action                   || total
-------------------------++-------
Melee: Spear             ||   144
Invok: Depart the Abyss  ||     1
  Use: Scroll            ||     3
       Potion            ||     2
Armor: Leather armour    ||    23
       Chain mail        ||    10
Dodge: Dodged            ||    65
